 Dungeon Crawl Stone Soup version 0.23-a0-394-g6ce9549 (webtiles) character file.

63 DudePakas the Chopper (level 4, 39/39 HPs)
             Began as a Hill Orc Fighter on Oct 31, 2018.
             Was a Follower of Fedhas.
             Quit the game on level 2 of the Dungeon.
             The game lasted 00:05:34 (1603 turns).

DudePakas the Chopper (Hill Orc Fighter)            Turns: 1603, Time: 00:05:34

Health: 39/39      AC:  9    Str: 20    XL:     4   Next: 9%
Magic:  4/4        EV:  5    Int:  8    God:    Fedhas [*.....]
Gold:   82         SH:  9    Dex: 11    Spells: 3/3 levels left

rFire    . . .     SeeInvis .   a - +0 war axe
rCold    . . .     Gourm    .   c - +0 shield
rNeg     . . .     Faith    .   m - +0 chain mail
rPois    .         Spirit   .   (no helmet)
rElec    .         Reflect  .   (no cloak)
rCorr    .         Harm     .   (no gloves)
MR       .....                  (no boots)
Stlth    ..........             (no amulet)
HPRegen  0.13/turn              i - +2 ring of strength
MPRegen  0.09/turn              (no ring)

@: no status effects
A: no striking features
a: Fungal Bloom, Sunlight, Renounce Religion


You were on level 2 of the Dungeon.
You worshipped Fedhas.
Fedhas was aware of your devotion.
You were not hungry.

You visited 1 branch of the dungeon, and saw 2 of its levels.

You collected 82 gold pieces.

Inventory:

Hand Weapons
 a - a +0 war axe (weapon)
Armour
 c - a +0 shield (worn)
 m - a +0 chain mail (worn)
Jewellery
 i - a +2 ring of strength (left hand)
Scrolls
 b - 2 scrolls of amnesia {unknown}
 j - 2 scrolls of identify {unknown}
Potions
 d - a potion of might
 e - a potion of heal wounds {unknown}
 g - 2 potions of cancellation {unknown}
 h - a potion of curing {unknown}
 l - a potion of flight {unknown}
Comestibles
 f - 2 rations


   Skills:
 - Level 3.6 Fighting
 + Level 5.7 Axes
 - Level 3.2 Armour
 - Level 3.2 Shields


You had 3 spell levels left.
You didn't know any spells.
Your spell library was empty.

Dungeon Overview and Level Annotations

Branches:
Dungeon (2/15)

Altars:
Fedhas


Message History

You feel sick.
You see here an adder corpse.
You start resting.
You feel sick. x4
You are no longer poisoned.
You start resting.
HP restored.
You start waiting.
Done waiting.
Found 19 bolts.
There is a faded altar of an unknown god here.
You cannot tell which god this altar belongs to.
Convert to them anyway?
Okay, then.
You cannot tell which god this altar belongs to.
Convert to them anyway?
Fedhas accepts your prayer! Fedhas welcomes you!
The plants of the dungeon cease their hostilities.
You can now turn corpses into toadstools.
You can now call sunshine.
Okay, then.
Are you sure you want to abandon this character and quit the game? (Confirm

.# #.# #.# . #.#
###.# ###.# #...##
...# #.#..##
########.## #.....#
#.....#...###..♣..#
##.###......#..♣@♣
...#
#......†...♣..#
##.#
#.....).......#
#.....#...#.##.##.#
####.###.##.##.# .#
#.# #.##.##(. #. >.
........## ## ...
....#.#..# .%..
......


There were no monsters in sight!

Vanquished Creatures
  2 adders (D:2)
  A leopard gecko (D:1)
  6 bats
  5 goblins (D:1)
  7 hobgoblins
  2 jackals (D:2)
  8 kobolds
  A quokka (D:2)
  6 frilled lizards
  5 rats
43 creatures vanquished.

Notes
Turn   | Place    | Note
-------+----------+-------------------------------------------
     0 | D:1      | DudePakas the Hill Orc Fighter began the quest for the Orb.
     0 | D:1      | Reached XP level 1. HP: 19/19 MP: 1/1
    32 | D:1      | Reached skill level 3 in Axes
   114 | D:1      | Reached XP level 2. HP: 24/26 MP: 2/2
   143 | D:1      | Reached skill level 4 in Axes
   246 | D:1      | Reached XP level 3. HP: 31/31 MP: 3/3
   998 | D:2      | Reached skill level 5 in Axes
  1426 | D:2      | Found a faded altar of an unknown god.
  1435 | D:2      | Reached XP level 4. HP: 35/39 MP: 4/4
  1602 | D:2      | Became a worshipper of Fedhas Madash
  1602 | D:2      | Reached * piety under Fedhas
  1603 | D:2      | Quit the game

Vault maps used:
D:1:      scummos_arrival_star
D:2:      lemuel_round_altar, first_ration, chequers_ecumenical_altar_simple

Skill      XL: |  1  2  3 |
---------------+----------+-----
Axes           | 3 4 5 |  5.7
Fighting       | |  3.6
Armour         | |  3.2
Shields        | |  3.2

Action                   |  1- 3 |  4- 6 || total
-------------------------+-------+-------++-------
Melee: War axe           |   143 |       ||   143
  Use: Scroll            |     1 |       ||     1
  Eat: Chunk             |     2 |       ||     2
Armor: Scale mail        |    29 |       ||    29
       Chain mail        |    28 |       ||    28
Dodge: Dodged            |    41 |       ||    41
Block: Shield            |    74 |       ||    74

Table legend:
 A = Non-vault XP
 B = Vault XP
 C = Vault XP percentage of total XP
 D = Non-vault monster count
 E = Vault monster count
 F = Vault count percentage of total count
                 A         B        C        D         E       F
            +---------+---------+-------+---------+---------+-------
      Total |      90 |       0 |   0.0 |      43 |       0 |   0.0
            +---------+---------+-------+---------+---------+-------
        D:1 |      46 |       0 |   0.0 |      29 |       0 |   0.0
        D:2 |      44 |       0 |   0.0 |      14 |       0 |   0.0
            +---------+---------+-------+---------+---------+-------
